 Dungeon Crawl Stone Soup version 0.31.0-12-g77e489cdc1 (webtiles) character file.

Game seed: 10495751032485461007

95 Doomgape the Trooper (level 4, -1/29 HPs)
             Began as a Gargoyle Fighter on Feb 28, 2024.
             Slain by a gnoll bouda
             ... wielding a +0 whip
              (6 damage)
             ... on level 3 of the Dungeon.
             The game lasted 00:03:46 (1422 turns).

Doomgape the Trooper (Gargoyle Fighter)             Turns: 1422, Time: 00:03:47

Health: -1/29      AC: 10    Str: 22    XL:     4   Next: 65%
Magic:  4/4        EV:  6    Int:  8    God:
Gold:   135        SH:  4    Dex:  9    Spells: 3/3 levels left

rFire   . . .        a - +0 flail
rCold   . . .        c - +0 buckler
rNeg    + . .        b - +0 scale mail
rPois   ∞            (no helmet)
rElec   +            (no cloak)
rCorr   .            (no gloves)
SInv    .            (no boots)
Will    .....        (no amulet) Stlth
                     (no ring)
HPRegen 0.24/turn    (no ring)
MPRegen 0.09/turn

%: no passive effects
@: weakened, grasped by roots, constricted
A: sickness immunity, AC +3, negative energy resistance 1, electricity
resistance, torment resistance 1, petrification resistance
a: no special abilities


You were on level 3 of the Dungeon.
You visited 1 branch of the dungeon, and saw 3 of its levels.

You collected 135 gold pieces.

Inventory:

Hand Weapons
 a - a +0 flail (weapon)
Missiles
 e - 3 javelins (quivered)
 f - 4 silver javelins
Armour
 b - a +0 scale mail (worn)
 c - a +0 buckler (worn)
Jewellery
 p - a ring of flight
Scrolls
 g - 3 scrolls of identify {unknown}
 k - a scroll of immolation {unknown}
 l - a scroll of teleportation {unknown}
 n - 2 scrolls of fog {unknown}
 q - a scroll of poison {unknown}
Potions
 d - a potion of might
 h - 3 potions of mutation {unknown}
 i - 4 potions of curing {unknown}
 m - a potion of attraction {unknown}
 o - a potion of enlightenment {unknown}
 r - a potion of haste {unknown}
 s - a potion of lignification {unknown}


   Skills:
 + Level 4.3 Fighting
 + Level 3.1 Maces & Flails
 + Level 4.2 Armour
 - Level 3.2 Shields


You had 3 spell levels left.
You didn't know any spells.
Your spell library contained the following spells:

 Spells                   Type           Power      Damage    Failure   Level
 Animate Dead             Necr           0%         N/A       100%        4
 Haunt                    Necr/Summ      0%         N/A       100%        7
 Infestation              Necr           0%         N/A       100%        8


Dungeon Overview and Level Annotations

Branches:
Dungeon (3/15)

Altars:

Annotations:
D:3 Ijyb


Innate Abilities, Weirdness & Mutations

You are immune to sickness and miasma.
Your stone body is resilient. (AC +3)
You are immune to poison.
You resist negative energy. (rN+)
You are resistant to electric shocks. (rElec)
You are resistant to unholy torment.
You are immune to petrification.


Message History

Ijyb is moderately wounded.
Your attacks no longer feel as feeble.
Ijyb barely misses you.
The gnoll bouda hits you with a +0 whip.
The gnoll closely misses you. Ijyb hits you with a +0 dagger.
Unknown command.
You miss Ijyb.
Ijyb is moderately wounded.
The gnoll bouda calls upon its god to heal the gnoll.
The gnoll is healed somewhat.
The gnoll hits you from afar with a +0 spear.
Ijyb zaps a wand.
The roots erupt in riotous growth!
The grasping roots grab you!
Ijyb is unaffected.
The gnoll bouda is unaffected.
The grasping roots constrict you.
The gnoll bouda gazes fiercely through you!
You feel your attacks grow feeble.
The gnoll bouda hits you but does no damage.
You barely miss Ijyb.
Ijyb is moderately wounded.
The gnoll barely misses you. Ijyb hits you but does no damage.
The grasping roots constrict you.
The gnoll bouda calls upon its god to heal the gnoll.
The gnoll's wounds heal themselves!
Unknown command.
You hit Ijyb.
Ijyb is severely wounded.
The gnoll barely misses you. Ijyb hits you with a +0 dagger.
The grasping roots constrict you.
A gnoll comes into view. It is wielding a +0 flail.
The gnoll bouda barks out a call to the hunt!
The gnolls pick up the pace!
The gnoll hits you from afar with a +0 spear.
You closely miss Ijyb.
Ijyb is severely wounded.
The gnoll is no longer moving quickly.
Ijyb hits you but does no damage. The grasping roots constrict you.
* * * LOW HITPOINT WARNING * * *
The gnoll bouda hits you with a +0 whip.
You die...

.#.
...
#.#
#.#
#<#
#.#
#.#
#g#
#@#
#g#
#g#
#g#
#g#


#gg ### You could see Ijyb, a gnoll bouda and 5 gnolls.

Vanquished Creatures
  A howler monkey (D:2)
  An adder (D:2)
  2 dart slugs (D:1)
  A ribbon worm (D:2)
  6 endoplasms
  4 goblins
  A hobgoblin (D:2)
  7 jackals
  2 ball pythons (D:1)
  7 bats
  A frilled lizard (D:1)
  5 kobolds
  4 rats
42 creatures vanquished.

Notes
Turn   | Place    | Note
-------+----------+-------------------------------------------
     0 | D:1      | Doomgape the Gargoyle Fighter began the quest for the Orb.
     0 | D:1      | Reached XP level 1. HP: 14/14 MP: 1/1
   156 | D:1      | Reached XP level 2. HP: 14/19 MP: 2/2
   411 | D:1      | Found a faded altar of an unknown god.
   906 | D:2      | Reached XP level 3. HP: 24/24 MP: 3/3
  1057 | D:2      | Reached XP level 4. HP: 20/29 MP: 4/4
  1397 | D:3      | Noticed Ijyb
  1409 | D:3      | HP: 1/29 [gnoll/+0 spear[a gnoll bouda] (3)]
  1422 | D:3      | Slain by a gnoll bouda

Illustrated notes

Levels and vault maps discovered:
D:1:      eino_arrival_cavern_a, layout_loops_corners,
          dreamdust_ecumenical_altar_hidden_monk_grotto, hex_tiny,
          roderic_roman_lattice
D:2:      layout_rooms
D:3:      layout_loops_ring, serial_shops, nicolae_shop_just_a_little_nook,
          kennysheep_generic_room_6, uniq_ijyb, uniq_robin

Skill      XL: |  1  2  3 |
---------------+----------+-----
Fighting       | 4 |  4.3
Armour         | 4 |  4.2
Maces & Flails | 3 |  3.1
Shields        | |  3.2

Action                     |  1- 3 |  4- 6 || total
---------------------------+-------+-------++-------
  Melee: Flail             |   105 |    31 ||   136
    Use: Potion            |       |     3 ||     3
 Armour: Scale mail        |    75 |    39 ||   114
  Dodge: Dodged            |    60 |    20 ||    80
  Block: Buckler           |    30 |     5 ||    35
